 Dungeon Sprint DCSS version 0.22.1-2-g9c5b331383 (webtiles) character file.

24691 Groucho the Tortoise (level 13, -9/90 HPs)
             Began as a Gargoyle Fighter on Nov 15, 2018.
             Was the Champion of Cheibriados.
             Mangled by a ten-headed hydra (13 damage)
             ... in the Dungeon (Sprint IX: "|||||||||||||||||||||||||||||").
             The game lasted 00:12:53 (3913 turns).

Groucho the Tortoise (Gargoyle Fighter)             Turns: 3913, Time: 00:12:54

Health: -9/90      AC: 38    Str: 36    XL:     13   Next: 14%
Magic:  23/23      EV: 15    Int: 24    God:    Cheibriados [******]
Gold:   904        SH: 17    Dex: 28    Spells: 12/12 levels left

rFire    . . .     SeeInvis .   o - +1 broad axe (chop)
rCold    . . .     Gourm    .   c - +0 shield
rNeg     + . .     Faith    .   H - +4 plate armour {MR+}
rPois    ∞         Spirit   .   I - +1 helmet
rElec    +         Reflect  .   J - +1 cloak
rCorr    .         Harm     .   p - +0 pair of gloves
MR       +....     NoTele   +   (no boots)
Stlth    ..........             (no amulet)
HPRegen  0.25/turn              b - +2 ring of evasion
MPRegen  0.18/turn              r - +2 ring of evasion

@: grasped by roots, very slow
A: negative energy resistance 1, electricity resistance, unbreathing,
petrification resistance, rot immunity, AC +9
a: Bend Time, Temporal Distortion, Slouch, Step From Time, Renounce Religion


You were in the Dungeon.
You worshipped Cheibriados.
Cheibriados was exalted by your worship.
You were not hungry.

You visited 1 branch You collected 1253 gold pieces.
You spent 349 gold pieces at shops.

Inventory:

Hand Weapons
 o - a +1 broad axe of chopping (weapon)
 w - a +2 dire flail of protection
 G - a +3 broad axe
Missiles
 a - 16 javelins of penetration
 f - 11 stones (quivered)
Armour
 c - a +0 shield (worn)
 p - a +0 pair of gloves (worn)
 H - a +4 plate armour of magic resistance (worn)
 I - a +1 helmet (worn)
 J - a +1 cloak (worn)
Jewellery
 b - a +2 ring of evasion (left hand)
 r - a +2 ring of evasion (right hand)
 E - an uncursed ring of protection from fire
 F - an uncursed ring of protection from cold
Wands
 n - a wand of acid (10)
 A - a wand of paralysis (8)
 D - a wand of polymorph (10)
Scrolls
 k - 4 scrolls of blinking
 l - 6 scrolls of remove curse
 m - 2 scrolls of amnesia
 u - 3 scrolls of fog
 v - 2 scrolls of fear
 x - 5 scrolls of identify
 C - a scroll of enchant weapon {unknown}
Potions
 d - a potion of might
 e - 6 potions of curing
 h - a potion of haste
 i - 5 potions of magic
 j - a potion of invisibility
 q - 4 potions of resistance
 s - a potion of flight {unknown}
 t - 2 potions of brilliance
Comestibles
 z - 9 rations


   Skills:
 + Level 14.2 Fighting
 * Level 14.0 Axes
 + Level 1.1 Throwing
 * Level 16.4 Armour
 * Level 10.1 Dodging
 + Level 16.3 Shields
 + Level 13.5 Invocations


You had 12 spell levels left.
You didn't know any spells.
Your spell library was empty.

Dungeon Overview and Level Annotations

Branches:
Dungeon (1/1)

Altars:
Cheibriados
Dithmenos
Elyvilon
Fedhas
Gozag
Hepliaklqana
Kikubaaqudgha
Makhleb
Nemelex Xobeh
Okawaru
Qazlal
Ru
Sif Muna
Trog
Uskayaw
Vehumet
Wu Jian
Xom
Yredelemnul
Zin
The Shining One
Beogh
Jiyva
Lugonu

Shops:
D [[*}

Annotations:
D Maurice


Innate Abilities, Weirdness & Mutations

You are resistant to torment.
Your stone body is resilient. (AC +9)
You are immune to poison.
You resist negative energy. (rN+)
You are resistant to electric shocks. (rElec)
You can survive without breathing.
You are immune to petrification.
You are immune to rotting.


Message History

The ten-headed hydra bites you but does no damage.
You block the ten-headed hydra's attack.
The ten-headed hydra bites you!
* * * LOW HITPOINT WARNING * * *
The ten-headed hydra bites you but does no damage.
You block the ten-headed hydra's attack. x2
The ten-headed hydra bites you but does no damage.
The ten-headed hydra bites you!
* * * LOW HITPOINT WARNING * * *
The ten-headed hydra bites you but does no damage. x2
The ten-headed hydra bites you.
* * * LOW HITPOINT WARNING * * *
The ten-headed hydra bites you but does no damage.
The ten-headed hydra closely misses you.
The ten-headed hydra barely misses you. The ten-headed hydra bites you.
* * * LOW HITPOINT WARNING * * *
The ten-headed hydra bites you.
* * * LOW HITPOINT WARNING * * *
The ten-headed hydra bites you!
You die...

'▓.▓.▓.▓)▓.▓)▓.▓.▓
_▓.▓.▓.▓)▓.▓.▓.▓)▓
_▓.▓.▓.▓)▓.▓)▓.▓†▓
_▓.▓.▓.▓)▓.▓)▓.▓.▓
_▓.▓.▓.▓)▓.▓)▓.▓.▓
_▓.▓'▓.▓.▓.▓)▓.▓.▓
_▓.▓÷▓.▓.▓.▓)▓.▓.▓
_▓.▓.▓.▓.▓.▓.▓.▓.▓
_▓.▓.▓.▓.▓.▓.▓.▓@▓
_▓.▓.▓.▓.▓.▓.▓.♣D♣
_▓.▓.▓.▓.▓.▓[▓.♣D♣
_▓.▓.▓.▓[▓.▓[▓.♣n♣
_▓.▓.▓.▓)▓.▓[▓.♣n♣
_▓.▓.▓)▓)▓.▓[▓.♣i♣
_▓.▓.▓.▓)▓.▓[▓.♣f♣
_▓.▓÷▓.▓.▓.▓[▓.♣.♣
_▓.▓.▓(▓)▓.▓.▓.♣


You could see a shambling mangrove, a ten-headed hydra (berserk), an
eight-headed hydra, a spriggan rider and 2 bog bodies.

Vanquished Creatures
  Agnes (D)
  A fire giant (D)
  Aizul (D)
  2 stone giants (D)
  A merfolk javelineer (D)
  2 hydras (D)
  Erolcha (D)
  A centaur warrior (D)
  A catoblepas (D)
  A tengu warrior (D)
  3 orc high priests (D)
  Sonja (D)
  A sea snake (D)
  A spriggan druid (D)
  A glowing orange brain (D)
  A harpy (D)
  An ugly thing (D)
  2 manticores (D)
  A moth of wrath (D)
  A black mamba (D)
  A water nymph (D)
  A spiny frog (D)
  A yaktaur (D)
  2 merfolk (D)
  2 trolls (D)
  5 polar bears (D)
  A tyrant leech (D)
  A hippogriff (D)
  A dream sheep (D)
  A water elemental (D)
  A yak (D)
  A human (shapeshifter) (D)
  6 water moccasins (D)
  3 porcupines (D)
  3 black bears (D)
  2 sky beasts (D)
  12 orc warriors (D)
  A black bear (shapeshifter) (D)
  2 centaurs (D)
  A crocodile (D)
  2 bullfrogs (D)
  A scorpion (D)
  A quasit (D)
  12 orc priests (D)
  8 orc wizards (D)
  A gnoll (D)
  An adder (D)
  A shadow imp (D)
  An ooze (D)
  A dart slug (D)
  5 orcs (D)
  A bat (D)
  A giant cockroach (D)
  3 goblins (D)
  2 giant cockroach zombies (D)
  A quokka skeleton (D)
115 creatures vanquished.

Vanquished Creatures (others)
  An ogre mage (D)
  A tengu conjurer (D)
2 creatures vanquished.

Grand Total: 117 creatures vanquished

Notes
Turn   | Place    | Note
-------+----------+-------------------------------------------
     0 | D        | Groucho the Gargoyle Fighter began the quest for the Orb.
     0 | D        | Reached XP level 1. HP: 14/14 MP: 1/1
    18 | D        | Reached XP level 2. HP: 14/20 MP: 2/2
    48 | D        | Reached XP level 3. HP: 20/24 MP: 3/3
   267 | D        | Found a roughly hewn altar of Beogh.
   267 | D        | Found a snail-covered altar of Cheibriados.
   267 | D        | Found a shadowy altar of Dithmenos.
   267 | D        | Found a white marble altar of Elyvilon.
   267 | D        | Found a blossoming altar of Fedhas.
   267 | D        | Found an opulent altar of Gozag.
   268 | D        | Found a hazy altar of Hepliaklqana.
   269 | D        | Found a viscous altar of Jiyva.
   270 | D        | Found an ancient bone altar of Kikubaaqudgha.
   271 | D        | Became a worshipper of Cheibriados the Contemplative
   272 | D        | Found a corrupted altar of Lugonu.
   273 | D        | Found a burning altar of Makhleb.
   274 | D        | Found a sparkling altar of Nemelex Xobeh.
   275 | D        | Found an iron altar of Okawaru.
   276 | D        | Found a stormy altar of Qazlal.
   277 | D        | Found a sacrificial altar of Ru.
   278 | D        | Found a deep blue altar of Sif Muna.
   279 | D        | Found a bloodstained altar of Trog.
   280 | D        | Found a hide-covered altar of Uskayaw.
   281 | D        | Found a radiant altar of Vehumet.
   282 | D        | Found an ornate altar of the Wu Jian Council.
   283 | D        | Found a shimmering altar of Xom.
   284 | D        | Found a basalt altar of Yredelemnul.
   285 | D        | Found a glowing silver altar of Zin.
   286 | D        | Found a glowing golden altar of the Shining One.
   339 | D        | Noticed a centaur
   339 | D        | Noticed a sky beast
   339 | D        | Noticed a bullfrog
   339 | D        | Noticed a sky beast
   343 | D        | Killed a centaur
   343 | D        | Reached skill level 5 in Fighting
   343 | D        | Reached skill level 5 in Armour
   343 | D        | Reached skill level 5 in Shields
   343 | D        | Reached XP level 4. HP: 27/32 MP: 3/6
   344 | D        | Reached XP level 5. HP: 30/36 MP: 3/7
   370 | D        | Killed a sky beast
   370 | D        | Reached * piety under Cheibriados
   370 | D        | Reached skill level 5 in Axes
   382 | D        | Reached ** piety under Cheibriados
   382 | D        | Reached skill level 5 in Invocations
   382 | D        | Reached XP level 6. HP: 26/44 MP: 9/9
   386 | D        | Killed a sky beast
   628 | D        | Noticed a troll
   628 | D        | Noticed an orc warrior
   628 | D        | Noticed a rime drake
   628 | D        | Noticed a centaur warrior
   634 | D        | Reached *** piety under Cheibriados
   634 | D        | Reached XP level 7. HP: 47/49 MP: 11/11
   644 | D        | a rime drake changed into a water moccasin
   646 | D        | Killed a troll
   656 | D        | Reached XP level 8. HP: 40/56 MP: 13/13
   671 | D        | Killed a centaur warrior
   671 | D        | Reached **** piety under Cheibriados
   671 | D        | Reached skill level 10 in Fighting
   671 | D        | Reached skill level 10 in Armour
   671 | D        | Reached skill level 10 in Shields
   959 | D        | Noticed an eight-headed hydra
   959 | D        | Noticed a spiny frog
   959 | D        | Noticed a yak
  1178 | D        | Reached ***** piety under Cheibriados
  1178 | D        | Reached XP level 9. HP: 63/63 MP: 15/15
  1183 | D        | Killed a spiny frog
  1359 | D        | Killed an eight-headed hydra
  1359 | D        | Reached skill level 10 in Invocations
  1376 | D        | Reached ****** piety under Cheibriados
  1761 | D        | Noticed a black mamba
  1762 | D        | Noticed a five-headed hydra
  1776 | D        | Killed a black mamba
  1776 | D        | Reached skill level 1 in Dodging
  1776 | D        | Reached XP level 10. HP: 55/70 MP: 17/17
  1797 | D        | Killed a five-headed hydra
  1797 | D        | Reached skill level 10 in Axes
  2276 | D        | Noticed Sonja
  2280 | D        | Paralysed by Sonja for 2 turns
  2284 | D        | Killed Sonja
  2284 | D        | Reached skill level 5 in Dodging
  2284 | D        | Reached XP level 11. HP: 48/76 MP: 19/19
  2302 | D        | Noticed Maurice
  2365 | D        | Noticed an orc high priest
  2378 | D        | Noticed a soul eater
  2389 | D        | Killed an orc high priest
  2983 | D        | Found Sumnilomn's Armour Emporium.
  2986 | D        | Found Ciuk's Armour Shoppe.
  2992 | D        | Found Rykhy's Assorted Antiques.
  2996 | D        | Found Dykul's Gadget Shoppe.
  2998 | D        | Noticed an orc high priest
  2998 | D        | Noticed an orc high priest
  3004 | D        | Killed an orc high priest
  3009 | D        | Killed an orc high priest
  3047 | D        | Bought a ruby potion for 19 gold pieces
  3047 | D        | Bought a scroll of remove curse for 66 gold pieces
  3047 | D        | Bought a scroll of identify for 44 gold pieces
  3047 | D        | Bought a scroll of remove curse for 66 gold pieces
  3047 | D        | Bought a scroll of identify for 44 gold pieces
  3047 | D        | Bought a scroll of identify for 44 gold pieces
  3047 | D        | Bought a scroll labeled WUKOINL CAAXT for 22 gold pieces
  3047 | D        | Bought a scroll of identify for 44 gold pieces
  3079 | D        | Noticed Erolcha
  3083 | D        | Killed Erolcha
  3226 | D        | Noticed a catoblepas
  3226 | D        | Noticed a purple ugly thing
  3227 | D        | Noticed a fire crab
  3227 | D        | a meliai changed into a fire crab
  3232 | D        | Killed a catoblepas
  3233 | D        | Noticed a fire giant
  3237 | D        | a fire crab changed into a human
  3244 | D        | Noticed a stone giant
  3252 | D        | Killed a purple ugly thing
  3255 | D        | Noticed a stone giant
  3259 | D        | Killed a fire giant
  3259 | D        | Reached XP level 12. HP: 72/84 MP: 21/21
  3260 | D        | Noticed a tengu warrior
  3271 | D        | Killed a stone giant
  3275 | D        | Killed a tengu warrior
  3275 | D        | Reached skill level 15 in Armour
  3275 | D        | Reached skill level 15 in Shields
  3279 | D        | Killed a stone giant
  3281 | D        | Noticed an ogre mage
  3290 | D        | Killed an ogre mage
  3589 | D        | Noticed Aizul
  3589 | D        | Noticed Agnes
  3603 | D        | Killed Agnes
  3612 | D        | Killed Aizul
  3792 | D        | Noticed a merfolk javelineer
  3824 | D        | Killed a merfolk javelineer
  3824 | D        | Reached XP level 13. HP: 79/90 MP: 21/23
  3901 | D        | Reached skill level 10 in Dodging
  3912 | D        | Reached skill level 1 in Throwing
  3913 | D        | HP: 4/90 [ten-headed hydra (2)]
  3913 | D        | Mangled by a ten-headed hydra

Skill      XL: |  1  2  3  4  5  6  7  8  9 10 11 12 13 |
---------------+----------------------------------------+-----
Axes           | 2 3 4 5 6 7 8 9 11 12 13 14 | 14.0
Armour         | 4 5 7 8 9 10 11 13 14 16 | 16.4
Fighting       | 4 5 7 8 9 10 11 12 13 14 | 14.2
Shields        | 4 5 7 8 9 10 11 13 14 16 | 16.3
Invocations    | 3 5 6 7 9 10 11 12 13 | 13.5
Dodging        | 1 5 7 9 10 | 10.1
Throwing       | 1 |  1.1

Action                   |  1- 3 |  4- 6 |  7- 9 | 10-12 | 13-15 || total
-------------------------+-------+-------+-------+-------+-------++-------
Melee: War axe           |    41 |       |       |       |       ||    41
       Broad axe         |     3 |    48 |    42 |   188 |    46 ||   327
       Dire flail        |       |       |    35 |   100 |       ||   135
Invok: Slouch            |       |       |       |    10 |       ||    10
  Use: Potion            |     1 |       |     4 |     1 |       ||     6
       Scroll            |       |       |     1 |       |       ||     1
 Stab: Invisible         |       |       |     1 |       |       ||     1
       Petrified         |       |       |       |     3 |       ||     3
       Petrifying        |       |       |       |     1 |       ||     1
  Eat: Ration            |       |       |     1 |     1 |       ||     2
Armor: Scale mail        |    19 |       |       |       |       ||    19
       Chain mail        |     2 |    31 |    55 |   116 |       ||   204
       Plate armour      |       |       |       |    38 |    28 ||    66
Dodge: Dodged            |    11 |    12 |    67 |   196 |    31 ||   317
Block: Shield            |    20 |    23 |    59 |   117 |    41 ||   260
